 Dungeon Crawl Stone Soup version 0.30.1-4-g462c640d31 (webtiles) character file.

Game seed: 11278271635687192434

60 arthad the Trooper (level 4, -2/29 HPs)
             Began as a Gargoyle Fighter on Aug 21, 2023.
             Slain by Natasha (3 damage)
             ... on level 2 of the Dungeon.
             The game lasted 00:02:15 (1299 turns).

arthad the Trooper (Gargoyle Fighter)               Turns: 1299, Time: 00:02:15

Health: -2/29      AC: 10    Str: 28    XL:     4   Next: 6%
Magic:  4/4        EV:  9    Int:  8    God:
Gold:   56         SH:  4    Dex:  9    Spells: 3/3 levels left

rFire   . . .        a - +0 flail
rCold   . . .        c - +0 buckler
rNeg    + . .        b - +0 scale mail
rPois   ∞            (no helmet)
rElec   +            (no cloak)
rCorr   .            (no gloves)
SInv    .            (no boots)
Will    .....        (no amulet) Stlth
                     n - +6 ring of strength
HPRegen 0.24/turn    (no ring)
MPRegen 0.09/turn

%: no passive effects
@: no status effects
A: sickness immunity, AC +3, negative energy resistance 1, electricity
resistance, torment resistance 1, petrification resistance
a: no special abilities


You were on level 2 of the Dungeon.
You visited 1 branch of the dungeon, and saw 2 of its levels.

You collected 144 gold pieces.
You spent 88 gold pieces at shops.

Inventory:

Hand Weapons
 a - a +0 flail (weapon)
Missiles
 m - 5 javelins (quivered)
Armour
 b - a +0 scale mail (worn)
 c - a +0 buckler (worn)
Jewellery
 n - a +6 ring of strength (left hand)
Scrolls
 e - a scroll of poison {unknown}
 f - a scroll of amnesia {unknown}
 g - a scroll of vulnerability {unknown}
 h - a scroll of enchant weapon {unknown}
 i - a scroll of teleportation {unknown}
 k - a scroll of noise {unknown}
 l - 2 scrolls of identify {unknown}
Potions
 d - a potion of might
 j - a potion of haste {unknown}
 o - a potion of heal wounds
 p - a potion of curing


   Skills:
 * Level 3.9 Fighting
 * Level 2.6 Maces & Flails
 * Level 3.9 Armour
 * Level 3.8 Shields


You had 3 spell levels left.
You didn't know any spells.
Your spell library was empty.

Dungeon Overview and Level Annotations

Branches:
Dungeon (2/15)

Altars:

Shops:
D:2 !

Annotations:
D:2 Natasha


Innate Abilities, Weirdness & Mutations

You are immune to sickness and miasma.
Your stone body is resilient. (AC +3)
You are immune to poison.
You resist negative energy. (rN+)
You are resistant to electric shocks. (rElec)
You are resistant to unholy torment.
You are immune to petrification.


Message History

Natasha claws you but does no damage.
Natasha mumbles some strange words.
The cerulean imp hits you but does no damage.
You closely miss Natasha.
Natasha is severely wounded.
Natasha barely misses you. You block the cerulean imp's attack.
Natasha claws you but does no damage.
The cerulean imp hits you but does no damage.
You closely miss Natasha.
Natasha is severely wounded.
Natasha mumbles some strange words.
The cerulean imp closely misses you. Natasha claws you.
The cerulean imp misses you.
You closely miss Natasha.
Natasha is severely wounded.
Natasha closely misses you.
The cerulean imp hits you but does no damage.
The cerulean imp closely misses you. You block Natasha's attack.
You barely miss Natasha.
Natasha is severely wounded.
Natasha claws you!
* * * LOW HITPOINT WARNING * * *
The cerulean imp barely misses you. Natasha claws you but does no damage.
The cerulean imp hits you but does no damage.
You closely miss Natasha.
Natasha is severely wounded.
Natasha barely misses you.
The cerulean imp hits you but does no damage.
Natasha barely misses you.
The cerulean imp hits you but does no damage.
You miss Natasha.
Natasha is severely wounded.
You feel yourself speed up. Natasha claws you.
* * * LOW HITPOINT WARNING * * *
The cerulean imp hits you from afar with a +1 spear.
* * * LOW HITPOINT WARNING * * *
The cerulean imp hits you but does no damage.
Natasha claws you.
You die...

#......####.###...######
#......# #.#####†......
###......# #.##..........
##.....#..# #.##......####
#.......#.# #.##....>.....
..[.:....5## #.##......###.
.......h.5g# #.######..####
.........#h# .#........###
.........#@###...######...#
....g....#.#....# ###..
#............#.# ####
.........###...# #...
.........# ##..# ##.##
.........# #..# ####....
..... #..# #....#.# ....
#..#####.####.# ....
##...#...# #..#


You could see Natasha, 2 cerulean imps and a hobgoblin.

Vanquished Creatures
  An adder (D:2)
  3 worms (D:2)
  A dart slug (D:1)
  4 ball pythons
  A bat (D:2)
  5 endoplasms
  4 giant cockroaches
  3 goblins
  6 hobgoblins
  A kobold (D:1)
  2 quokkas
  A frilled lizard (D:1)
  6 rats
38 creatures vanquished.

Notes
Turn   | Place    | Note
-------+----------+-------------------------------------------
     0 | D:1      | arthad the Gargoyle Fighter began the quest for the Orb.
     0 | D:1      | Reached XP level 1. HP: 14/14 MP: 1/1
    75 | D:1      | Reached XP level 2. HP: 18/19 MP: 2/2
   589 | D:1      | Reached XP level 3. HP: 23/23 MP: 3/3
   947 | D:2      | Found Pismeg's Distillery.
   977 | D:2      | Bought a potion of heal wounds for 55 gold pieces
   977 | D:2      | Bought a potion of curing for 33 gold pieces
  1117 | D:2      | Reached XP level 4. HP: 29/29 MP: 4/4
  1279 | D:2      | Noticed Natasha
  1299 | D:2      | HP: 1/29 [cerulean imp/+1 spear[Natasha] (2)]
  1299 | D:2      | Slain by Natasha

Illustrated notes

Levels and vault maps discovered:
D:1:      tarquinn_simple_flora_water_f, layout_loops_ring
D:2:      layout_rooms, serial_shops, shop, uniq_natasha

Action                     |  1- 3 |  4- 6 || total
---------------------------+-------+-------++-------
  Melee: Flail             |    99 |    19 ||   118
 Armour: Scale mail        |    41 |    13 ||    54
  Dodge: Dodged            |    40 |    11 ||    51
  Block: Buckler           |    17 |     4 ||    21
